 Dungeon Sprint DCSS version 0.27-a0-695-gb4952372f7 (webtiles) character file.

Game seed: 8953871597475403585

5489 mhtbhm the Severer (level 10, -21/97 HPs)
             Began as a Minotaur Fighter on Mar 22, 2021.
             Was an Initiate of Gozag.
             Killed from afar by a merfolk aquamancer (42 damage)
             ... with a shard of ice
             ... in the Dungeon (Sprint VII: "The Pits").
             The game lasted 00:03:27 (2661 turns).

mhtbhm the Severer (Minotaur Fighter)               Turns: 2661, Time: 00:03:29

Health: -21/97     AC: 14    Str: 25    XL:     10   Next: 42%
Magic:  9/9        EV: 18    Int:  5    God:    Gozag
Gold:   2565       SH: 13    Dex:  9    Spells: 9/9 levels left

rFire    . . .     SeeInvis .   a - +1 broad axe (vorpal)
rCold    . . .     Faith    .   c - +0 kite shield
rNeg     . . .     Spirit   .   b - +5 ring mail
rPois    .         Reflect  .   (helmet restricted)
rElec    .         Harm     .   (no cloak)
rCorr    .         Rampage  .   (no gloves)
Will     .....     NoTele   +   q - +0 pair of boots
Stlth    ++........             (no amulet)
HPRegen  0.26/turn              n - +3 ring of evasion
MPRegen  0.11/turn              o - +3 ring of evasion

@: gold aura, hasted, very quick
A: horns 2, retaliatory headbutt
a: Renounce Religion, Potion Petition, Call Merchant, Bribe Branch


You were in the Dungeon.
You worshipped Gozag.
Gozag was most pleased with you.
You visited 1 branch You collected 2961 gold pieces.
You paid 396 gold pieces to Gozag.

Inventory:

Hand Weapons
 a - a +1 vorpal broad axe (weapon)
Armour
 b - a +5 ring mail (worn)
 c - a +0 kite shield (worn)
 q - a +0 pair of boots (worn)
Jewellery
 n - a +3 ring of evasion (right hand)
 o - a +3 ring of evasion (left hand)
Scrolls
 j - a scroll of blinking
 l - 5 scrolls of amnesia
 m - a scroll of summoning
Potions
 d - 3 potions of might
 e - 5 potions of curing
 f - 9 potions of heal wounds
 g - a potion of haste
 h - 4 potions of magic
 i - 3 potions of berserk rage
 k - 2 potions of invisibility
 p - 2 potions of brilliance


   Skills:
 + Level 12.2 Fighting
 + Level 16.2 Axes
 + Level 13.9 Armour
 + Level 6.4 Dodging
 + Level 3.8 Stealth
 + Level 13.9 Shields


You had 9 spell levels left.
You didn't know any spells.
Your spell library was empty.

Dungeon Overview and Level Annotations

Branches:
Dungeon (1/1)

Altars:
Ashenzari
Cheibriados
Dithmenos
Elyvilon
Fedhas
Gozag
Hepliaklqana
Kikubaaqudgha
Makhleb
Nemelex Xobeh
Okawaru
Qazlal
Ru
Sif Muna
Trog
Uskayaw
Vehumet
Wu Jian
Xom
Yredelemnul
Zin
The Shining One
Beogh
Jiyva
Lugonu


Innate Abilities, Weirdness & Mutations

You have a pair of horns on your head.
You reflexively headbutt those who attack you in melee.


Message History

Purchase which effect?
You feel much better.
You feel better.
You feel yourself speed up.
The merfolk aquamancer hits you but does no damage.
The water elemental barely misses you.
You closely miss the merfolk aquamancer.
You slash the water elemental!
The merfolk aquamancer casts a spell at you.
You block the torrent of water.
The wave splashes down.
Splash!
You fall into the shallow water.
Moving in this stuff is going to be slow.
The water elemental hits you.
Your unstable footing causes you to fumble your attack.
Unknown command.
You block the merfolk aquamancer's attack.
You block the water elemental's attack.
The merfolk aquamancer points at you and mumbles some strange words.
The ball of steam hits you!!
Unknown command.
You block the water elemental's attack.
The merfolk aquamancer hits you with a +2 rapier of electrocution!
* * * LOW HITPOINT WARNING * * *
You are electrocuted!!
* * * LOW HITPOINT WARNING * * *
Unknown command.
You feel much better. The water elemental closely misses you.
Unknown command.
You slash the water elemental!
You destroy the water elemental!
You closely miss the merfolk aquamancer.
You block the merfolk aquamancer's attack.
The orc becomes distracted by the nearby gold, dreaming of imaginary riches.
Unknown command.
The orc shouts!
You slice the merfolk aquamancer!!
The merfolk aquamancer is heavily wounded.
The merfolk aquamancer gestures at you while chanting.
The shard of ice hits you!!!
You die...
Your body crumbles into a pile of gold.

####### _____.# _____.#
___...###########++##########
#####'##................##..#
')))'.##.....§#§.#......##..#
#####.##......§§........''..#
.......'......§§@.......''..#####
##'#####......#om#o.....##.......
#.....##......≈≈≈≈≈.....##.......
#####'#####'#####$$##############
#.....##.......##$$#
#.....##.......##≈≈..#
###'####.......##...##
#.....##...<...##..##
......##.......##..#


You could see a merfolk aquamancer and 2 orcs.

Vanquished Creatures
  A great orb of eyes (D)
  A two-headed ogre (D)
  A sun demon (D)
  A deep troll (D)
  A deep elf pyromancer (D)
  A black mamba (D)
  A smoke demon (D)
  A troll (D)
  A hornet (D)
  An air elemental (D)
  2 redbacks (D)
  A water elemental (D)
  3 yaks (D)
  A floating eye (D)
  An orc warrior (D)
  A black bear (D)
  A phantom (D)
  2 crimson imps (D)
  A quasit (D)
  3 orc priests (D)
  A gnoll shaman (D)
  Jessica (D)
  An orc wizard (D)
  2 worker ants (D)
  2 adders (D)
  An ooze (D)
  An adder simulacrum (D)
  8 orcs (D)
  A hobgoblin (D)
  4 jackals (D)
  A kobold (D)
  2 quokkas (D)
51 creatures vanquished.

Notes
Turn   | Place    | Note
-------+----------+-------------------------------------------
     0 | D        | mhtbhm the Minotaur Fighter began the quest for the Orb.
     0 | D        | Reached XP level 1. HP: 19/19 MP: 0/0
    16 | D        | Reached XP level 2. HP: 22/28 MP: 1/1
   185 | D        | Found a bloodstained altar of Trog.
   185 | D        | Found a shimmering blue altar of Sif Muna.
   185 | D        | Found a viscous altar of Jiyva.
   185 | D        | Found a hazy altar of Hepliaklqana.
   185 | D        | Found an opulent altar of Gozag.
   186 | D        | Found a glowing golden altar of the Shining One.
   186 | D        | Found a glowing silver altar of Zin.
   186 | D        | Found a basalt altar of Yredelemnul.
   186 | D        | Found a shimmering altar of Xom.
   186 | D        | Found an ornate altar of the Wu Jian Council.
   186 | D        | Found a sacrificial altar of Ru.
   186 | D        | Found a stormy altar of Qazlal.
   186 | D        | Found an iron altar of Okawaru.
   186 | D        | Found a sparkling altar of Nemelex Xobeh.
   186 | D        | Found a burning altar of Makhleb.
   186 | D        | Found a blossoming altar of Fedhas.
   186 | D        | Found a white marble altar of Elyvilon.
   186 | D        | Found a shadowy altar of Dithmenos.
   186 | D        | Found a snail-covered altar of Cheibriados.
   188 | D        | Found a radiant altar of Vehumet.
   188 | D        | Found a corrupted altar of Lugonu.
   190 | D        | Found an ancient bone altar of Kikubaaqudgha.
   190 | D        | Found a hide-covered altar of Uskayaw.
   190 | D        | Found a broken altar of Ashenzari.
   193 | D        | Became a worshipper of Gozag Ym Sagoz the Greedy
   234 | D        | Reached skill level 3 in Axes
   249 | D        | Reached skill level 5 in Armour
   253 | D        | Reached skill level 5 in Fighting
   253 | D        | Reached skill level 4 in Axes
   253 | D        | Reached skill level 5 in Shields
   253 | D        | Reached XP level 3. HP: 24/36 MP: 2/2
   380 | D        | Noticed a floating eye
   381 | D        | Noticed a black bear
   381 | D        | Paralysed by a floating eye for 3 turns
   391 | D        | Paralysed by a floating eye for 2 turns
   399 | D        | Paralysed by a floating eye for 2 turns
   402 | D        | Killed a black bear
   403 | D        | Reached skill level 5 in Axes
   403 | D        | Reached XP level 4. HP: 12/47 MP: 3/3
   403 | D        | Reached XP level 5. HP: 13/52 MP: 4/4
   406 | D        | Killed a floating eye
   407 | D        | Reached skill level 6 in Axes
   407 | D        | Reached skill level 1 in Dodging
   409 | D        | Reached skill level 7 in Axes
   797 | D        | Noticed a phantom
   813 | D        | Killed a phantom
   814 | D        | Reached XP level 6. HP: 52/62 MP: 5/5
   819 | D        | Reached skill level 8 in Axes
   828 | D        | Noticed Jessica
   845 | D        | Killed Jessica
   846 | D        | Reached skill level 10 in Armour
  1015 | D        | Noticed a smoke demon
  1023 | D        | Killed a smoke demon
  1024 | D        | Reached skill level 10 in Axes
  1024 | D        | Reached skill level 1 in Stealth
  1024 | D        | Reached skill level 10 in Shields
  1024 | D        | Reached XP level 7. HP: 19/70 MP: 6/6
  1288 | D        | Noticed an air elemental
  1288 | D        | Noticed a yak
  1288 | D        | Noticed a yak
  1288 | D        | Noticed a yak
  1298 | D        | Killed an air elemental
  1306 | D        | Killed a yak
  1307 | D        | Reached skill level 11 in Axes
  1307 | D        | Reached XP level 8. HP: 48/79 MP: 7/7
  1309 | D        | Reached skill level 10 in Fighting
  1325 | D        | Reached skill level 12 in Axes
  1668 | D        | Noticed a deep troll
  1680 | D        | Killed a deep troll
  1681 | D        | Reached skill level 13 in Axes
  1987 | D        | Noticed a hornet
  1995 | D        | Killed a hornet
  1996 | D        | Reached XP level 9. HP: 75/86 MP: 8/8
  2155 | D        | Noticed a two-headed ogre
  2157 | D        | Noticed a great orb of eyes
  2168 | D        | Killed a two-headed ogre
  2169 | D        | Reached skill level 14 in Axes
  2227 | D        | Killed a great orb of eyes
  2263 | D        | Noticed a deep elf pyromancer
  2265 | D        | Reached skill level 15 in Axes
  2265 | D        | Reached skill level 5 in Dodging
  2273 | D        | Killed a deep elf pyromancer
  2274 | D        | Reached XP level 10. HP: 75/97 MP: 9/9
  2405 | D        | Noticed a black mamba
  2405 | D        | Noticed a sun demon
  2413 | D        | Killed a black mamba
  2419 | D        | Killed a sun demon
  2422 | D        | Reached skill level 16 in Axes
  2634 | D        | Noticed a merfolk aquamancer
  2661 | D        | Killed from afar by a merfolk aquamancer

Illustrated notes

Levels and vault maps discovered:
D:        pitsprint [storerooms_1, entrance_room_1, metal_vault_7, armoury_1,
          mini_pit_1, grid_room_1, main_hall_1, silver_pit, the_coven_2,
          the_vestibule_1, steel_vault_1, golden_pit, hallway_of_sentries,
          crystal_vault_4, iron_vault_1, final_vault]

Skill      XL: |  1  2  3  4  5  6  7  8  9 10 |
---------------+-------------------------------+-----
Fighting       | 4 5 7 8 9 10 11 12 | 12.2
Armour         | 4 5 7 9 11 12 13 | 13.9
Shields        | 4 5 7 8 10 11 13 | 13.9
Axes           | 4 5 7 10 11 13 15 16 | 16.2
Dodging        | 1 2 3 5 6 |  6.4
Stealth        | 1 2 3 |  3.8

Action                   |  1- 3 |  4- 6 |  7- 9 | 10-12 || total
-------------------------+-------+-------+-------+-------++-------
Melee: War axe           |     3 |       |       |       ||     3
       Hand axe          |    29 |    56 |    42 |       ||   127
       Headbutt          |     4 |    14 |    13 |     8 ||    39
       Broad axe         |       |       |    28 |    31 ||    59
Invok: Potion Petition   |       |       |       |     1 ||     1
  Use: Potion            |     1 |       |     2 |     3 ||     6
 Stab: Distracted        |       |     1 |       |       ||     1
Armor: Scale mail        |    20 |       |       |       ||    20
       Chain mail        |       |    21 |    11 |       ||    32
       Ring mail         |       |       |     6 |    11 ||    17
Dodge: Dodged            |    16 |     8 |    24 |    19 ||    67
Block: Kite shield       |    25 |    20 |    37 |    29 ||   111

Table legend: (Time is in decaauts)
 A = Elapsed time spent in this place.
 B = Non-inter-level travel time spent in this place.
 C = Inter-level travel time spent in this place.
 D = Time resting spent in this place.
 E = Time spent auto-exploring this place.
 F = Levels seen in this place.
 G = Mean time per level.
                   A        B        C        D        E       F      G
               +--------+--------+--------+--------+--------+-----+--------+
         Total |   2666 |   2666 |      0 |   1887 |     31 |   1 | 2666.0 |
       Dungeon |   2666 |   2666 |      0 |   1887 |     31 |   1 | 2666.0 |
               +--------+--------+--------+--------+--------+-----+--------+

Top non-repeatable levels by time:
       D: 2666 daAuts
